 Dungeon Crawl Stone Soup version 0.18.1-1-g2f07953 (webtiles) character file.

4112 dobroeutro the Cleaver (level 10, -6/93 (94) HPs)
             Began as a Minotaur Fighter on May 7, 2016.
             Was a Follower of the Shining One.
             Killed from afar by vatarom's ghost (32 damage)
             ... with an orb of energy
             ... on level 9 of the Dungeon.
             The game lasted 00:12:18 (7421 turns).

dobroeutro the Cleaver (Minotaur Fighter)           Turns: 7421, Time: 00:12:18

HP:   -6/93 (94)    AC: 10    Str: 23    XL:     10   Next: 6%
MP:   0/9           EV: 11    Int:  7    God:    the Shining One [*.....]
Gold: 571           SH: 11    Dex: 11    Spells: 0 memorised, 9 levels left

rFire  + . .     SeeInvis .     E - +2 hand axe (chop)
rCold  + . .     Gourm    .     u - +0 scale mail (curse)
rNeg   . . .     Faith    .     c - +0 shield
rPois  .         Spirit   +     (helmet restricted)
rElec  .         Dismiss  .     y - +0 cloak
rCorr  .         Reflect  .     w - +0 pair of gloves
SustAt .         Harm     .     (no boots)
MR     .....                    N - amulet of guardian spirit
Stlth  ..........               k - +2 ring of intelligence
                                n - ring of protection from cold

@: glowing, not resistant to hostile enchantments, extremely unstealthy
A: retaliatory headbutt, horns 2, talons 1, deterioration 1, fire resistance 1,
robust 1, wild magic 1
a: Renounce Religion


You were on level 9 of the Dungeon.
You worshipped the Shining One.
The Shining One was aware of your devotion.
You were full.

You visited 2 branches of the dungeon, and saw 10 of its levels.

You collected 571 gold pieces.

Inventory:

Hand Weapons
 a - a +0 war axe
 E - a +2 hand axe of chopping (weapon)
Missiles
 s - 4 silver javelins (quivered)
Armour
 c - a +0 shield (worn)
 u - a cursed +0 scale mail (worn)
 w - a +0 pair of gloves (worn)
 y - a +0 cloak (worn)
Jewellery
 k - a +2 ring of intelligence (right hand)
 n - a ring of protection from cold (left hand)
 I - an uncursed amulet of the gourmand
 N - an amulet of guardian spirit (around neck)
Wands
 O - a wand of enslavement (5/24)
Scrolls
 e - 7 scrolls of remove curse {unknown}
 g - 9 scrolls of identify {unknown}
 h - 4 scrolls of recharging {unknown}
 o - 7 scrolls of teleportation {unknown}
 q - 2 scrolls of amnesia {unknown}
 B - 2 scrolls of magic mapping {unknown}
 C - a scroll of enchant weapon {unknown}
 D - a scroll of holy word {unknown}
 F - a scroll of immolation {unknown}
 K - 3 scrolls of random uselessness {unknown}
 L - a scroll of fog {unknown}
Potions
 b - a potion of cancellation {unknown}
 d - a potion of might
 i - a potion of cure mutation {unknown}
 l - a potion of degeneration {unknown}
 m - a potion of mutation {unknown}
 p - 4 potions of haste {unknown}
 r - a potion of brilliance {unknown}
 v - 4 potions of curing {unknown}
 z - 2 potions of flight {unknown}
 A - a potion of heal wounds {unknown}
 G - a potion of lignification {unknown}
 H - 2 potions of invisibility {unknown}
Comestibles
 f - 3 bread rations
 j - 3 meat rations
 t - 3 beef jerkies
 x - 4 fruits
 J - a slice of pizza
 M - 2 chunks of flesh


   Skills:
 + Level 7.5 Fighting
 + Level 11.6 Axes
 + Level 7.4 Armour
 + Level 5.5 Dodging
 + Level 7.6 Shields


You had 9 spell levels left.
You didn't know any spells.

Dungeon Overview and Level Annotations

Branches:
Dungeon (9/15)             Temple (1/1) D:5
   Lair: D:8-11         Orc: D:9-12

Altars:
Gozag
Kikubaaqudgha
Makhleb
Nemelex Xobeh
Qazlal
Vehumet
Xom
The Shining One

Annotations:
D:9 vatarom's ghost, novice DrCj


Innate Abilities, Weirdness & Mutations

You reflexively headbutt those who attack you in melee.
You have a pair of horns on your head.
You have sharp toenails.
Your body sometimes deteriorates upon taking damage.
Your flesh is heat resistant.
You are robust (+10% HP).
Your spells are a little harder to cast, but a little more powerful.


Message History

Your kick misses vatarom's ghost. Your headbutt misses vatarom's ghost.
You block vatarom's ghost's attack.
You hit vatarom's ghost.
You claw vatarom's ghost, but do no damage.
You headbutt vatarom's ghost, but do no damage.
Vatarom's ghost is lightly damaged.
The fulminant prism explodes!
The blast of energy engulfs you!
Vatarom's ghost hits you but does no damage.
You are electrocuted!
You hear a shout! x6; You hear a chilling moan.
You hit vatarom's ghost. Your kick misses vatarom's ghost.
Vatarom's ghost is lightly damaged.
Vatarom's ghost breathes negative energy at you.
The bolt of negative energy misses you.
The battlesphere fires!
The barrage of energy hits you!
* * * LOW HITPOINT WARNING * * *
Vatarom's ghost gestures at you while chanting.
The orb of energy hits you!
You die...

######..#########...# #..# #...#
#..# #...# ######..# #...######
........#########.........
..........................
#########.................
#########.....W..........#####
................@....o.o.....
.......................o.....
..................#######....
....############*.# #...#####
..................#######........
.................................
###..........................#
#.†###########...#######...# #)[#
#...# #...#


You could see an orc warrior, an orc priest, a battlesphere, vatarom's ghost and
an orc.

Vanquished Creatures
  Pikel (D:9)
  Maurice (D:8)
  A hungry ghost (D:7)
  4 sky beasts (D:7)
  A phantom (D:4)
  A slave (D:9)
  A wasp (D:9)
  3 black bears (D:8)
  3 ice beasts
  4 ogres
  A necrophage (D:7)
  A centaur (D:9)
  A crocodile (D:8)
  4 giant frogs
  3 killer bees (D:9)
  A vampire bat (D:3)
  3 howler monkeys
  A quasit (D:6)
  2 orc priests
  3 hounds
  3 jellies
  8 orc wizards
  2 giant frog skeletons
  A centaur skeleton (D:5)
  2 iguanas
  3 worker ants
  A hound zombie (D:9)
  Robin (D:4)
  7 gnolls (D:3)
  8 adders
  2 adder zombies (D:6)
  4 worms
  2 dart slugs
  6 giant geckos
  13 orcs
  12 bats
  3 bat skeletons (D:3)
  2 bat zombies (D:3)
  5 giant cockroaches
  13 goblins
  10 hobgoblins
  4 jackals (D:7)
  3 quokkas
  3 ball pythons
  13 kobolds
  A quokka zombie (D:7)
  6 rats
178 creatures vanquished.

Vanquished Creatures (others)
  A crimson imp (D:9)
  A fulminant prism (D:9)
2 creatures vanquished.

Grand Total: 180 creatures vanquished

Notes
Turn   | Place    | Note
--------------------------------------------------------------
     0 | D:1      | dobroeutro the Minotaur Fighter began the quest for the Orb.
     0 | D:1      | Reached XP level 1. HP: 19/19 MP: 0/0
    99 | D:1      | Reached skill level 3 in Axes
   122 | D:1      | Reached XP level 2. HP: 20/26 MP: 1/1
   579 | D:1      | Reached skill level 4 in Axes
   828 | D:2      | Reached XP level 3. HP: 17/31 MP: 2/2
  1107 | D:2      | Reached skill level 5 in Axes
  1216 | D:2      | Found a burning altar of Makhleb.
  1638 | D:3      | Reached XP level 4. HP: 27/39 MP: 3/3
  1654 | D:3      | Noticed an ogre
  2327 | D:3      | Reached skill level 6 in Axes
  2338 | D:3      | Found an ancient bone altar of Kikubaaqudgha.
  2346 | D:3      | Reached XP level 5. HP: 41/45 MP: 4/4
  2473 | D:3      | Reached skill level 7 in Axes
  3233 | D:4      | Reached XP level 6. HP: 36/51 MP: 5/5
  3304 | D:4      | Noticed Robin
  3307 | D:4      | Killed Robin
  3309 | D:4      | Reached skill level 8 in Axes
  3805 | D:5      | Entered Level 5 of the Dungeon
  3831 | D:5      | Reached skill level 9 in Axes
  3831 | D:5      | Reached XP level 7. HP: 57/57 MP: 6/6
  4036 | D:5      | Found a staircase to the Ecumenical Temple.
  4043 | Temple   | Entered the Ecumenical Temple
  4055 | Temple   | Became a worshipper of the Shining One
  4295 | D:6      | Reached skill level 10 in Axes
  4894 | D:7      | Reached skill level 1 in Dodging
  4920 | D:7      | Noticed a hungry ghost
  4923 | D:7      | Reached XP level 8. HP: 66/66 MP: 7/7
  4929 | D:7      | Reached * piety under the Shining One
  4935 | D:7      | Gained mutation: You are robust (+10% HP). [mutagenic meat]
  4936 | D:7      | Gained mutation: You have sharp toenails. [mutagenic meat]
  4937 | D:7      | Gained mutation: Your body sometimes deteriorates upon taking damage. [mutagenic meat]
  4938 | D:7      | Gained mutation: Your flesh is heat resistant. [mutagenic meat]
  4939 | D:7      | Gained mutation: Your spells are a little harder to cast, but a little more powerful. [mutagenic meat]
  5064 | D:7      | Reached skill level 5 in Fighting
  5064 | D:7      | Reached skill level 5 in Shields
  5094 | D:7      | Found a shimmering altar of Xom.
  5113 | D:7      | Reached skill level 5 in Armour
  5695 | D:8      | Reached XP level 9. HP: 79/81 MP: 8/8
  5765 | D:8      | Reached skill level 11 in Axes
  6409 | D:8      | Noticed Maurice
  6423 | D:8      | Killed Maurice
  6659 | D:9      | Reached skill level 5 in Dodging
  7220 | D:9      | Noticed Pikel
  7242 | D:9      | Killed Pikel
  7242 | D:9      | Reached XP level 10. HP: 78/93 MP: 7/9
  7411 | D:9      | Noticed vatarom's ghost (novice DrCj)
  7421 | D:9      | Killed from afar by vatarom's ghost

Skill      XL: |  1  2  3  4  5  6  7  8  9 |
---------------+----------------------------+-----
Axes           | 3 4 5 6 7 9 10 11 | 11.6
Fighting       | 4 5 7 |  7.5
Armour         | 4 5 7 |  7.4
Dodging        | 1 3 5 |  5.5
Shields        | 4 5 7 |  7.6

Action                   |  1- 3 |  4- 6 |  7- 9 | 10-12 || total
-------------------------+-------+-------+-------+-------++-------
Melee: War axe           |    98 |   141 |    23 |       ||   262
       Headbutt          |    17 |    20 |    36 |     4 ||    77
       Hand axe          |       |       |   236 |    15 ||   251
       Kick              |       |       |    54 |     4 ||    58
  Eat: Bread ration      |     1 |       |     1 |       ||     2
       Chunk             |       |     4 |    29 |       ||    33
Armor: Scale mail        |    34 |    46 |    88 |     3 ||   171
Dodge: Dodged            |    36 |    43 |    54 |     1 ||   134
Block: Shield            |    48 |    67 |   106 |     6 ||   227
